 Dungeon Sprint DCSS version 0.21.0 (webtiles) character file.

12366 wojtek the Bludgeoner (level 11, -3/169 HPs)
             Began as a Minotaur Berserker on Jan 6, 2018.
             Was a High Priest of Trog.
             Slain by a golden dragon (13 damage)
             ... in the Dungeon (Sprint II: "The Violet Keep of Menkaure").
             The game lasted 00:08:39 (2197 turns).

wojtek the Bludgeoner (Minotaur Berserker)          Turns: 2197, Time: 00:08:40

Health: -3/169     AC: 20    Str: 33    XL:     11   Next: 61%
Magic:  10/10      EV: 13    Int:  4    God:    Trog [*****.]
Gold:   2          SH:  9    Dex: 13    Spells: 10/10 levels left

rFire    + . .     SeeInvis .   a - +0 mace
rCold    + . .     Gourm    .   n - +0 shield
rNeg     . . .     Faith    .   z - +1 plate armour of the Beekeeper {rF+ Str+3 Slay+2} (curse)
rPois    +         Spirit   .   (helmet restricted)
rElec    .         Reflect  .   A - +1 cloak "Oqitoel" {rPois Dex+3}
rCorr    .         Harm     .   (no gloves)
MR       .....     NoTele   +   (no boots)
Stlth    ..........             (no amulet)
HPRegen  0.38/turn              B - ring of protection from cold
MPRegen  0.12/turn              (no ring)

@: berserking, slowed
A: retaliatory headbutt, horns 2, MP-powered wands
a: Berserk, Trog's Hand, Brothers in Arms, Burn Spellbooks, Renounce Religion


You were in the Dungeon.
You worshipped Trog.
Trog was extremely pleased with you.
You were very hungry.

You visited 1 branch You collected 1202 gold pieces.
You spent 1200 gold pieces at shops.

Inventory:

Hand Weapons
 a - a +0 mace (weapon)
Armour
 b - a +0 animal skin
 n - a +0 shield (worn)
 s - a +0 ring mail
 y - a +0 cloak
 z - the cursed +1 plate armour of the Beekeeper (worn) {rF+ Str+3 Slay+2}
   (You bought it in a shop in the Dungeon)

   It affects your strength (+3).
   It affects your accuracy and damage with ranged weapons and melee attacks
   (+2).
   It protects you from fire.
   It has a curse placed upon it.
 A - the +1 cloak "Oqitoel" (worn) {rPois Dex+3}
   (You bought it in a shop in the Dungeon)

   It affects your dexterity (+3).
   It protects you from poison.
Jewellery
 m - an uncursed amulet of rage {unknown}
 x - an uncursed ring of ice
 B - a ring of protection from cold (left hand)
Scrolls
 i - 3 scrolls of blinking
 j - 3 scrolls of remove curse {unknown}
 o - a scroll of enchant weapon {unknown}
 q - a scroll of enchant armour {unknown}
 t - a scroll of immolation {unknown}
 w - a scroll of amnesia {unknown}
Potions
 d - 3 potions of curing
 e - a potion of heal wounds
 f - a potion of haste
 g - 5 potions of magic
 h - a potion of berserk rage
 k - a potion of ambrosia {unknown}
 l - 2 potions of invisibility {unknown}
 p - 3 potions of flight {unknown}
 r - 3 potions of resistance {unknown}
 u - a potion of lignification {unknown}
 v - a potion of brilliance {unknown}
 C - 3 potions of mutation {unknown}
Comestibles
 c - 5 rations


   Skills:
 + Level 15.5 Fighting
 * Level 20.5 Maces & Flails
 + Level 15.3 Armour
 + Level 14.2 Dodging


You had 10 spell levels left.
You didn't know any spells.

Dungeon Overview and Level Annotations

Branches:
Dungeon (1/1)

Altars:
Cheibriados
Dithmenos
Elyvilon
Fedhas
Hepliaklqana
Kikubaaqudgha
Makhleb
Nemelex Xobeh
Qazlal
Ru
Sif Muna
Trog
Uskayaw
Vehumet
Wu Jian
Xom
Yredelemnul
Zin
The Shining One
Beogh
Jiyva
Lugonu

Shops:
D :(*?=[!?=%![}!::*[?}

Annotations:
D exclusion: oklob plant


Innate Abilities, Weirdness & Mutations

You reflexively headbutt those who attack you in melee.
You have a pair of horns on your head.
You expend magic power (3 MP) to strengthen your wands.


Message History

The arrow hits the golden dragon!
The cacodemon hits you.
* * * LOW HITPOINT WARNING * * *
The cacodemon hits you.
* * * LOW HITPOINT WARNING * * *
The bone dragon bites you!
* * * LOW HITPOINT WARNING * * *
The bone dragon claws you but does no damage.
The bone dragon misses you.
You hear a shout!
You hit the golden dragon but do no damage.
You headbutt the golden dragon, but do no damage.
The golden dragon is heavily wounded.
Your two-headed ogre hits the deep elf high priest with a giant club!
Your two-headed ogre hits the deep elf high priest with a giant club!!
The deep elf high priest dies!
Trog accepts your kill. The golden dragon bites you.
* * * LOW HITPOINT WARNING * * *
The golden dragon claws you!
You die...

############ #∩∩.∩∩'.'..#
#######.#### #+## ####'####
#D@+ ##..§§...##
#2D###......§..##
##O)'.....§§§§..#
#..)####....§§...## D.D$..
#≈##).÷§§§§##
############≈≈#'''#+++##
###########≈≈≈..§(.....#
##.....∩.∩#≈≈≈≈.##)##..#
##....∩.∩.#≈≈≈≈##...##.####


You could see a bone dragon, a golden dragon, a cacodemon and a friendly
two-headed ogre (berserk).

Vanquished Creatures
  A golden dragon (D)
  Kirke (D)
  A storm dragon (D)
  A yaktaur captain (D)
  A centaur warrior (D)
  A skeletal warrior (D)
  An obsidian statue (D)
  A kobold demonologist (D)
  A yaktaur (D)
  5 polar bears (D)
  A hornet (D)
  2 hippogriffs (D)
  4 neqoxecs (D)
  Menkaure (D)
  4 necrophages (D)
  3 crocodiles (D)
  3 worms (D)
32 creatures vanquished.

Vanquished Creatures (collateral kills)
  A storm dragon (D)
  A deep elf high priest (D)
  A crocodile (D)
  2 tentacles (D)
5 creatures vanquished.

Vanquished Creatures (others)
  An elephant (D)
  A crocodile (D)
  14 tentacles (D)
16 creatures vanquished.

Grand Total: 53 creatures vanquished

Notes
Turn   | Place    | Note
-------+----------+-------------------------------------------
     0 | D        | wojtek the Minotaur Berserker began the quest for the Orb.
     0 | D        | Reached XP level 1. HP: 19/19 MP: 0/0
     1 | D        | Noticed a necrophage
     1 | D        | Noticed a necrophage
     1 | D        | Noticed a necrophage
     1 | D        | Noticed a necrophage
     3 | D        | Killed a necrophage
     3 | D        | Reached skill level 5 in Fighting
     3 | D        | Reached skill level 7 in Maces & Flails
     3 | D        | Reached skill level 5 in Armour
     3 | D        | Reached XP level 2. HP: 30/30 MP: 1/1
     3 | D        | Reached XP level 3. HP: 37/37 MP: 2/2
     3 | D        | Reached XP level 4. HP: 44/44 MP: 3/3
    10 | D        | Killed a necrophage
    10 | D        | Reached skill level 8 in Maces & Flails
    10 | D        | Reached skill level 5 in Dodging
    10 | D        | Reached XP level 5. HP: 51/51 MP: 4/4
    13 | D        | Killed a necrophage
    13 | D        | Reached ** piety under Trog
    13 | D        | Reached skill level 10 in Maces & Flails
    17 | D        | Killed a necrophage
    17 | D        | Reached XP level 6. HP: 45/61 MP: 5/5
   140 | D        | Reached *** piety under Trog
   157 | D        | Noticed a hippogriff
   157 | D        | Noticed a hippogriff
   162 | D        | Killed a hippogriff
   162 | D        | Reached skill level 11 in Maces & Flails
   162 | D        | Reached XP level 7. HP: 70/70 MP: 6/6
   166 | D        | Killed a hippogriff
   166 | D        | Reached **** piety under Trog
   166 | D        | Reached skill level 12 in Maces & Flails
   222 | D        | Noticed a neqoxec
   222 | D        | Noticed a neqoxec
   222 | D        | Noticed a neqoxec
   222 | D        | Noticed a neqoxec
   228 | D        | Killed a neqoxec
   234 | D        | Killed a neqoxec
   234 | D        | Reached skill level 10 in Fighting
   234 | D        | Reached skill level 13 in Maces & Flails
   239 | D        | Gained mutation: You expend magic power (3 MP) to strengthen your wands. [a neqoxec]
   240 | D        | Killed a neqoxec
   240 | D        | Reached XP level 8. HP: 79/79 MP: 7/7
   243 | D        | Reached skill level 10 in Armour
   244 | D        | Found Himp's Antique Armour Shoppe.
   244 | D        | Found Qoobb's Distillery.
   251 | D        | Found Mese's Magic Scroll Shoppe.
   251 | D        | Found Ynadela's Distillery.
   251 | D        | Found Taank's Book Shoppe.
   251 | D        | Found Hyarghox's Distillery.
   318 | D        | Found Jiasycho's Book Emporium.
   318 | D        | Found Vaogelao's Food Shoppe.
   318 | D        | Found Zuaz's Jewellery Emporium.
   318 | D        | Found Liodylug's Jewellery Shoppe.
   318 | D        | Found Tinn's Magic Scroll Emporium.
   319 | D        | Found Ryceawkuq's General Store.
   319 | D        | Found Ynyv's Gadget Shoppe.
   319 | D        | Found Guariad's Antique Armour Emporium.
   319 | D        | Found Raash's Antique Weapon Emporium.
   319 | D        | Noticed a hell hog
   320 | D        | Noticed a spiny frog
   328 | D        | Noticed Menkaure
   332 | D        | Noticed an obsidian statue
   345 | D        | Killed Menkaure
   345 | D        | Reached ***** piety under Trog
   425 | D        | Found a roughly hewn altar of Beogh.
   426 | D        | Found a hazy altar of Hepliaklqana.
   426 | D        | Found a snail-covered altar of Cheibriados.
   427 | D        | Found a stormy altar of Qazlal.
   427 | D        | Found a viscous altar of Jiyva.
   427 | D        | Found a shadowy altar of Dithmenos.
   428 | D        | Found a sacrificial altar of Ru.
   428 | D        | Found an ancient bone altar of Kikubaaqudgha.
   428 | D        | Found a white marble altar of Elyvilon.
   429 | D        | Found an ornate altar of the Wu Jian Council.
   429 | D        | Found a deep blue altar of Sif Muna.
   429 | D        | Found a corrupted altar of Lugonu.
   429 | D        | Found a blossoming altar of Fedhas.
   430 | D        | Found a shimmering altar of Xom.
   430 | D        | Found a bloodstained altar of Trog.
   430 | D        | Found a burning altar of Makhleb.
   431 | D        | Found a glowing golden altar of the Shining One.
   431 | D        | Found a basalt altar of Yredelemnul.
   431 | D        | Found a hide-covered altar of Uskayaw.
   432 | D        | Found a glowing silver altar of Zin.
   434 | D        | Noticed a yaktaur
   434 | D        | Noticed a hornet
   434 | D        | Noticed a polar bear
   435 | D        | Noticed a polar bear
   436 | D        | Killed a polar bear
   436 | D        | Reached skill level 14 in Maces & Flails
   440 | D        | Killed a polar bear
   440 | D        | Received a gift from Trog
   441 | D        | Noticed a polar bear
   445 | D        | Killed a hornet
   445 | D        | Reached skill level 10 in Dodging
   450 | D        | Killed a yaktaur
   450 | D        | Reached skill level 15 in Maces & Flails
   450 | D        | Reached XP level 9. HP: 89/89 MP: 8/8
   455 | D        | Killed a polar bear
   496 | D        | Found a radiant altar of Vehumet.
   502 | D        | Noticed a kraken
   697 | D        | Found a sparkling altar of Nemelex Xobeh.
   880 | D        | Found the +9 heavy crossbow "Sniper" {velocity, Acc+∞ SInv}
   880 | D        | Found the +0 sword of Power
  1043 | D        | Noticed a hell hog
  1043 | D        | Noticed an oklob plant
  1044 | D        | Found Zoplil's Book Shoppe.
  1045 | D        | Noticed a spiny frog
  1077 | D        | Bought a steaming plate armour for 672 gold pieces
  1077 | D        | Bought a faintly humming cloak for 228 gold pieces
  1087 | D        | Identified the cursed +1 plate armour of the Beekeeper {rF+ Str+3 Slay+2} (You bought it in a shop in the Dungeon)
  1097 | D        | Identified the +1 cloak "Oqitoel" {rPois Dex+3} (You bought it in a shop in the Dungeon)
  1112 | D        | Bought an uncursed ring of protection from cold for 300 gold pieces
  1140 | D        | Killed an obsidian statue
  1140 | D        | Reached skill level 16 in Maces & Flails
  1148 | D        | Noticed a golden dragon
  1158 | D        | Killed a golden dragon
  1158 | D        | Reached skill level 18 in Maces & Flails
  1158 | D        | Reached XP level 10. HP: 90/102 MP: 9/9
  1304 | D        | Found Noxuzetu's Gadget Boutique.
  1304 | D        | Found Jejudono's Magic Scroll Shoppe.
  1304 | D        | Found Nivo's Armour Emporium.
  1304 | D        | Found Guhaipt's General Store.
  1304 | D        | Noticed a storm dragon
  1314 | D        | HP: 5/153 [storm dragon (6)]
  1317 | D        | Killed a storm dragon
  1682 | D        | Noticed an elephant
  1682 | D        | Noticed a centaur warrior
  1682 | D        | Noticed Kirke
  1683 | D        | Noticed a skeletal warrior
  1690 | D        | Noticed a yaktaur captain
  1705 | D        | Killed Kirke
  1705 | D        | Reached skill level 19 in Maces & Flails
  1705 | D        | Reached XP level 11. HP: 79/111 MP: 10/10
  1722 | D        | Killed a centaur warrior
  1732 | D        | Killed a skeletal warrior
  1732 | D        | Reached skill level 15 in Fighting
  1755 | D        | Reached skill level 20 in Maces & Flails
  1787 | D        | Killed a yaktaur captain
  1787 | D        | Reached skill level 15 in Armour
  2183 | D        | Noticed a cacodemon
  2184 | D        | Noticed a bone dragon
  2184 | D        | Noticed a golden dragon
  2192 | D        | Noticed a storm dragon
  2195 | D        | Killed a storm dragon
  2196 | D        | Noticed a deep elf high priest
  2197 | D        | Killed a deep elf high priest
  2197 | D        | Slain by a golden dragon

Skill      XL: |  1  2  3  4  5  6  7  8  9 10 11 |
---------------+----------------------------------+-----
Fighting       | 5 6 8 9 10 11 13 14 15 | 15.5
Maces & Flails | 7 8 10 11 13 15 18 19 20 | 20.5
Armour         | 5 6 7 8 9 11 13 14 15 | 15.3
Dodging        | 4 5 6 7 9 10 12 13 14 | 14.2

Action                   |  1- 3 |  4- 6 |  7- 9 | 10-12 || total
-------------------------+-------+-------+-------+-------++-------
Melee: Mace              |     1 |    30 |    66 |    70 ||   167
       Headbutt          |     1 |     5 |    26 |    22 ||    54
Invok: Berserk           |     1 |     1 |     4 |     3 ||     9
       Brothers in Arms  |       |       |     3 |     2 ||     5
 Stab: Sleeping          |       |     1 |       |       ||     1
  Eat: Chunk             |       |       |     6 |       ||     6
       Ration            |       |       |       |     2 ||     2
Armor: Animal skin       |       |     1 |     5 |       ||     6
       Plate armour      |       |       |     3 |    43 ||    46
Dodge: Dodged            |       |     9 |    42 |    40 ||    91
Block: Shield            |       |       |     6 |    22 ||    28
